 Dungeon Crawl Stone Soup version 0.27-a0-242-ge0fc76b88b (webtiles) character file.

Game seed: 65058144768532103

8 knot the Chopper (level 2, 24/24 HPs)
             Began as a Demonspawn Berserker on Feb 3, 2021.
             Was a Follower of Trog.
             Quit the game on level 1 of the Dungeon.
             The game lasted 00:00:22 (389 turns).

knot the Chopper (Demonspawn Berserker)              Turns: 389, Time: 00:00:23

Health: 24/24      AC:  2    Str: 17    XL:     2   Next: 0%
Magic:  2/2        EV: 12    Int:  8    God:    Trog [*.....]
Gold:   16         SH:  0    Dex: 12    Spells: 1/1 levels left

rFire    . . .     SeeInvis .   a - +0 hand axe
rCold    . . .     Faith    .   (no shield)
rNeg     . . .     Spirit   .   b - +0 animal skin
rPois    .         Reflect  .   (no helmet)
rElec    .         Harm     .   (no cloak)
rCorr    .         Rampage  .   (no gloves)
Will     .....                  (no boots)
Stlth    +.........             (no amulet)
HPRegen  0.08/turn              (no ring)
MPRegen  0.08/turn              (no ring)

@: no status effects
A: demonic guardian 1
a: Renounce Religion, Berserk


You were on level 1 of the Dungeon.
You worshipped Trog.
Trog was aware of your devotion.
You visited 1 branch of the dungeon, and saw 1 of its levels.

You collected 16 gold pieces.

Inventory:

Hand Weapons
 a - a +0 hand axe (weapon)
Missiles
 c - 20 sling bullets
 d - 7 atropa-tipped darts
Armour
 b - a +0 animal skin (worn)
Scrolls
 f - a scroll of enchant armour {unknown}
Potions
 e - a potion of flight {unknown}


   Skills:
 - Level 3.0 Fighting
 + Level 3.2 Axes
 - Level 1.7 Armour
 - Level 1.7 Dodging


You had one spell level left.
You didn't know any spells.
Your spell library was empty.

Dungeon Overview and Level Annotations

Branches:
Dungeon (1/15)

Altars:


Innate Abilities, Weirdness & Mutations

A weak demonic guardian rushes to your aid.


Message History

No target in view!
No target in view!
No target in view!
No target in view!
No target in view!
f - a scroll labelled UTEQIRE OKHLO A kobold comes into view.
It is wielding a +0 whip.
A kobold comes into view.
The kobold shouts!
The kobold shouts!
The kobold barely misses you. x2
You hit the kobold.
You kill the kobold!
Trog accepts your kill.
You hit the kobold. The kobold closely misses you.
A rat comes into view.
You have reached level 2!
Your demonic ancestry asserts itself...
You feel the presence of a demonic guardian.
Are you sure you want to abandon this character and quit the game? (Confirm with "yes".)

#.#.# ## .... ..
##.#.#. ... .. .....
#... .. r...# #.#..#.
#.#.###.##.#.#..#.
#)K..........>....
#@#.#...#....#.##. ###
#.#.#.#....#.#....
.....#.#.#.#.#..#......
#..?..#.#.#..#......
##..#.#.#...........
#.................#
#..#.#.#.####.#....
#..$..#.....(..#....
#.#.#########.##..##


You could see a kobold and a rat.

Vanquished Creatures
  A leopard gecko (D:1)
  A hobgoblin (D:1)
  A kobold (D:1)
  2 bats (D:1)
  3 rats (D:1)
8 creatures vanquished.

Notes
Turn   | Place    | Note
-------+----------+-------------------------------------------
     0 | D:1      | knot the Demonspawn Berserker began the quest for the Orb.
     0 | D:1      | Reached XP level 1. HP: 18/18 MP: 1/1
   389 | D:1      | Gained mutation: A weak demonic guardian rushes to your
                  | aid. [demonic ancestry]
   389 | D:1      | Reached XP level 2. HP: 24/24 MP: 2/2
   389 | D:1      | Quit the game

Illustrated notes

Levels and vault maps discovered:
D:1:      lightli_arrival_quake, layout_basic, minmay_pentomino_t4

Skill      XL: |  1 |
---------------+----+-----
Axes           | 3 |  3.2
Fighting       | |  3.0
Armour         | |  1.7
Dodging        | |  1.7

Action                   || total
-------------------------++-------
Melee: Hand axe          ||    23
Invok: Berserk           ||     1
Armor: Animal skin       ||     4
Dodge: Dodged            ||    18

Table legend: (Time is in decaauts)
 A = Elapsed time spent in this place.
 B = Non-inter-level travel time spent in this place.
 C = Inter-level travel time spent in this place.
 D = Time resting spent in this place.
 E = Time spent auto-exploring this place.
 F = Levels seen in this place.
 G = Mean time per level.
                   A        B        C        D        E       F      G
               +--------+--------+--------+--------+--------+-----+--------+
         Total |    401 |    401 |      0 |    200 |    141 |   1 |  401.0 |
       Dungeon |    401 |    401 |      0 |    200 |    141 |   1 |  401.0 |
               +--------+--------+--------+--------+--------+-----+--------+

Top non-repeatable levels by time:
     D:1: 401 daAuts
